woodfighter, chaotic female orcish Cavewoman --- .. ---- .. - |.`| ..-- ..---."-- ..- -......--- ... ........| ... -......------ ... |..@.....--.-- . --...........-- | . |............--- |.-.- |...--...*.....---- ...| |...|-............-- -.--- --.-|..............-- | |...| -----..-..%..............- |.-)--- --%...|.................| |.)...-------------.).------..............- |..*|.....)%*)........| ...............| --.<|..-------------.-- -.---.--.|.-- .| ------- --- -- -- ---- -- woodfighter the Cave Teen Experience level: 5 Strength: 16 Dexterity: 17 Constitution: 18 Intelligence: 9 Wisdom: 9 Charisma: 6 Health: 0(54) Energy: 14(14) Def: 2 Gold: 330 Moves: 1880 Dungeon seed: Y25DbInjXP7YndLL Game ID: woodfighter_1476958937 Your Inventory: Coins $ - 330 gold pieces Weapons a - a +1 club (weapon in hand) b - a +2 sling (alternate weapon; not wielded) Armor q - an uncursed +0 leather armor (being worn) y - a cursed -1 dwarvish cloak z - an uncursed +0 pair of iron shoes Comestibles c - an uncursed tripe ration d - 4 uncursed food rations f - 2 uncursed lichen corpses g - an uncursed eucalyptus leaf i - 2 uncursed cream pies l - an uncursed tin of brown mold Scrolls j - an uncursed scroll of scare monster m - a cursed scroll of magic mapping n - an uncursed scroll of teleportation p - an uncursed scroll of identify Potions h - an uncursed potion of extra healing k - a cursed potion of monster detection o - an uncursed potion of water Tools r - an uncursed stethoscope s - an uncursed tallow candle (0:200) Gems e - 12 uncursed flints (in quiver) Spells and supernatural/magical abilities: Name Level Category Fail Memory W - pray for help -- divine ? -- Your skills at the end: Miscellaneous Skills bare handed combat [Basic] Weapon Skills scimitar [Basic] club [Skilled] sling [Basic] Spellcasting Skills Final Attributes: You were piously aligned. You were poison resistant. You were telepathic. You had infravision. You were very stealthy. You are dead. Vanquished creatures: a gnome king a rock piercer 2 gnome lords 3 elf zombies a floating eye a dwarf 2 homunculi a giant bat a gas spore a hobbit a large kobold 2 geckos a brown mold 7 gnomes a garter snake 6 jackals a fox 5 newts 4 grid bugs 3 bats 3 lichens a kobold zombie 49 creatures vanquished. Voluntary challenges: You did not adorn yourself with jewelry or accessories. You did not cause conflict. You were not invisible. You did not have reflection. You were not displaced. You were an atheist. You used a wielded weapon 68 times, starting on turn 7. You did not use tools. You did not use plumbed fixtures. You did not drink any magical draughts. You were illiterate. You never genocided any monsters. You never polymorphed an object. You never changed form. You used no wishes. You never split a pudding. You never wrote Elbereth's name. You never violated your personal moral code. Dungeon overview: The Dungeons of Doom: levels 1 to 5 Level 1 (vl) a fountain a long staircase Level 2 a sink Level 3 a fountain Level 4 (vl) some fountains stairs to The Gnomish Mines Level 5 The Gnomish Mines: levels 5 to 6 Level 5 <- You were here stairs to The Dungeons of Doom Level 6 History has recorded: On T:1 you entered the Dungeons of Doom to retrieve the Amulet of Yendor! On T:27 you reached level 2 of The Dungeons of Doom. On T:567 you reached level 3 of The Dungeons of Doom. On T:675 you advanced to experience level 2. On T:979 you advanced to experience level 3. On T:1327 you reached level 4 of The Dungeons of Doom. On T:1390 you advanced to experience level 4. On T:1468 you reached level 1 of The Gnomish Mines. On T:1566 you reached level 5 of The Dungeons of Doom. On T:1795 you advanced to experience level 5. On T:1819 you reached level 2 of The Gnomish Mines. Score breakdown: Gold: 330 ( 33 points) Experience: 5 levels ( 400 points) Exploration: 6 levels ( 150 points) Discoveries: 11 items ( 550 points) Variety of kills: 22 monsters ( 1100 points) Major goal: (nothing yet) ( 0 points) Survival: died (score multiplied by 3) Total score: 6699 Latest messages: You are now wielding your sling. a - a +1 club (alternate weapon; not wielded). The flint hits the floating eye! You kill the floating eye! e - 2 uncursed flints (in quiver). There are a few more objects here. You are now wielding your club. b - a +2 sling (alternate weapon; not wielded). This floating eye corpse tastes terrible! You stop eating. You finish eating the floating eye corpse. You feel a strange mental acuity. The gnome picks up 2 darts. You hit the elf zombie! The elf zombie scratches you! You destroy the elf zombie! You kill the gnome! You see here an elf corpse. There are several objects here. You stop exploring. Click! You trigger a rolling boulder trap! You are hit by a boulder. You die... Final status: Goodbye woodfighter the Cavewoman, killed by a boulder... You died in The Gnomish Mines on dungeon level 5 with 6699 points, and 330 pieces of gold, after 1880 moves. You were level 5 with a maximum of 54 hit points when you died.